 Dungeon Crawl Stone Soup version 0.18.1-50-g88ac8fd (webtiles) character file.

6160 Amnesiac the Prestidigitator (level 10, -1/76 HPs)
             Began as a Demonspawn Fighter on Mar 1, 2018.
             Killed from afar by a raiju (12 damage)
             ... with a living lightning
             ... on level 1 of the Abyss.
             The game lasted 00:20:25 (7709 turns).

Amnesiac the Prestidigitator (Demonspawn Fighter)   Turns: 7709, Time: 00:20:25

Health: -1/76      AC: 12    Str: 19    XL:     10   Next: 60%
Magic:  18/18      EV:  7    Int:  9    God:
Gold:   408        SH: 11    Dex: 14    Spells: 0 memorised, 9 levels left

rFire  . . .     SeeInvis +     a - +3 trident (flame)
rCold  . . .     Gourm    +     L - +0 plate armour
rNeg   . . .     Faith    .     c - +1 shield
rPois  .         Spirit   .     (helmet restricted)
rElec  .         Dismiss  .     (no cloak)
rCorr  .         Reflect  .     (no gloves)
SustAt .         Harm     .     (no boots)
MR     .....                    o - amulet of the gourmand
Stlth  ..........               q - +1 ring of evasion
                                K - ring of see invisible

@: not resistant to hostile enchantments, extremely unstealthy
A: antennae 1, demonic guardian 1, spiny 2
a: no special abilities


You were on level 1 of the Abyss.
You were full.

You visited 2 branches of the dungeon, and saw 9 of its levels.
You visited the Abyss 1 time.
You also visited: Sewer.

You collected 408 gold pieces.

Inventory:

Hand Weapons
 a - a +3 trident of flaming (weapon)
 b - a +0 hunting sling
Missiles
 m - 392 stones (quivered)
 t - 10 poisoned needles
 y - 3 needles of sleeping
 F - 72 sling bullets
 I - 5 needles of frenzy
 M - 2 throwing nets
Armour
 c - a +1 shield (worn)
 L - a +0 plate armour (worn)
Magical Staves
 r - an uncursed staff of power
Jewellery
 e - an uncursed ring of protection from cold
 o - an amulet of the gourmand (around neck)
 q - a +1 ring of evasion (right hand)
 K - a ring of see invisible (left hand)
 N - an uncursed amulet of rage
Wands
 D - a wand of lightning (9/15)
 H - a wand of iceblast (3/15)
Scrolls
 h - a scroll of recharging {!r}
 i - 3 scrolls of teleportation {!r}
 j - 2 scrolls of amnesia {!r}
 k - 2 scrolls of magic mapping {!r}
 n - 6 scrolls of remove curse {!r}
 p - 2 scrolls of fog {!r}
 E - a scroll of blinking {!r}
Potions
 d - 3 potions of might {!q}
 l - 2 potions of curing {!q}
 s - 2 potions of flight {!q, unknown}
 v - 2 potions of brilliance {!q, unknown}
 w - 3 potions of heal wounds {!q, unknown}
 x - 4 potions of mutation {!q, unknown}
 A - a potion of agility {!q}
 B - a potion of resistance {!q}
 O - a potion of degeneration {!q}
Books
 C - a book of Burglary

   Spells                             Type                      Level
   a - Swiftness                      Charms/Air                   2
   b - Passwall                       Transmutation/Earth          2
   c - Passage of Golubria            Translocation                4
   d - Lee's Rapid Deconstruction     Earth                        5
   e - Darkness                       Hexes                        6
   f - Invisibility                   Hexes                        6
Comestibles
 f - 9 bread rations
 g - 2 beef jerkies
 u - 5 chunks of flesh
 z - 3 meat rations
 G - a slice of pizza


   Skills:
 + Level 6.0 Fighting
 - Level 2.0 Polearms
 + Level 5.7 Armour
 + Level 5.6 Dodging
 + Level 5.5 Shields
 * Level 11.3 Evocations


You had 9 spell levels left.
You didn't know any spells.

Dungeon Overview and Level Annotations

Branches:
Dungeon (8/15)             Temple (1/1) D:5            Lair (0/8) D:8

Altars:
Ashenzari
Cheibriados
Dithmenos
Elyvilon
Fedhas
Gozag
Kikubaaqudgha
Makhleb
Okawaru
Qazlal
Ru
Sif Muna
Trog
Xom
Yredelemnul
Zin
The Shining One

Shops:
D:8 *


Innate Abilities, Weirdness & Mutations

You have a pair of small antennae on your head.
A weak demonic guardian rushes to your aid.
You are mostly covered in sharp spines.


Message History

The yak is struck by your spines. The yak gores you!
* * * LOW HITPOINT WARNING * * *
The yak is struck by your spines. The yak gores you!
* * * LOW HITPOINT WARNING * * *
The yak dies!
Your Fighting skill increases to level 6!
You are too injured to fight recklessly!
You are too injured to fight recklessly!
You are too injured to fight recklessly!
You are too injured to fight recklessly!
The centaur unwields an uncursed shortbow.
The centaur is struck by your spines. The centaur barely misses you.
There is an open door here.
Things that are here:
an arrow; a yak corpse x2
You hit the centaur. You burn the centaur.
The centaur is heavily wounded.
The centaur hits you.
* * * LOW HITPOINT WARNING * * *
The centaur hits you but does no damage.
You puncture the centaur! You burn the centaur.
You kill the centaur!
The wight closely misses your iron imp.
Things that are here:
an uncursed shortbow; 7 arrows There isn't anything to butcher here.
There is an open door here.
Things that are here:
an arrow; a yak corpse x2
Something disappears in a puff of smoke!
Things that are here:
a yak corpse x2
You butcher the yak corpse.
u - 5 chunks of flesh You see here a yak corpse.
You butcher the yak corpse.
The wight hits you but does no damage.
You see here 5 chunks of flesh.
A wight is nearby!
You block the wight's attack.
There is an open door here.
Things that are here:
an arrow; a yak corpse x2
You hit the wight. You burn the wight.
The wight is lightly damaged.
The wight hits you with a halberd.
* * * LOW HITPOINT WARNING * * *
You block the wight's attack. The wight barely misses you.
The wight hits you but does no damage.
You are cast into the Abyss!
To return, you must find a gate leading back.
Killing monsters will force the Abyss to allow you passage.
This branch contains the abyssal rune of Zot.
Found a slice of pizza, 18 arrows and a scale mail.
Found a corrupted altar of Lugonu.
Found a paperback book.
Found 19 poisoned needles.
Found a shortbow.
G - a slice of pizza 3 raiju come into view.
The raiju barks! x2
The raiju bursts into living lightning!
The living lightning hits you!
You die...

. (.....#... h#.
#.......#... h..#
#............ h....
#............ .....
#...........
...#..#.........#
....:'#.........#
................# #
.......@........#....
.................#
......_.........##
..[.............#
#...............#
.#.##.#....##.#...
..# #..#..#...#.#..
.# .##(..###.....#.
#. #.### ).#####


You could see 3 raiju.

Vanquished Creatures
  Grinder (D:4)
  A spriggan (D:7)
  13 yaks
  A hungry ghost (D:8)
  Menkaure (D:8)
  7 porcupines (D:8)
  A black bear (D:7)
  An orc warrior (D:8)
  4 ice beasts
  2 ogres
  2 phantoms
  3 centaurs
  3 crocodiles
  A big kobold (Sewer)
  The ghost of Amnesiac the Cutter, an amateur SpFi (Sewer)
  2 giant frogs
  A scorpion (D:8)
  3 howler monkeys
  An electric eel (D:6)
  A crimson imp (D:5)
  3 orc priests
  A centaur skeleton (D:5)
  4 jellies
  5 orc wizards (D:8)
  A giant frog skeleton (D:8)
  2 iguanas
  6 worker ants
  A killer bee zombie (D:7)
  2 hound skeletons
  A howler monkey zombie (D:6)
  A worker ant zombie (D:8)
  5 gnolls
  5 adders
  5 river rats
  An ooze (D:6)
  2 adder zombies (D:5)
  2 adder skeletons
  A worm (D:3)
  2 dart slugs
  9 giant geckos
  23 orcs
  2 ball pythons
  8 bats
  4 giant cockroaches
  4 goblins
  10 hobgoblins
  8 jackals
  6 quokkas
  2 giant gecko skeletons (D:5)
  4 giant newts
  A jackal skeleton (D:4)
  8 kobolds
  A quokka zombie (D:8)
  15 rats
205 creatures vanquished.

Vanquished Creatures (collateral kills)
  A yak (D:8)
  An orc warrior (D:6)
  2 sky beasts
  A giant frog (D:6)
  A crimson imp (D:5)
  A hound (D:4)
  An orc wizard (D:4)
  2 worker ants
  An adder (D:8)
  An orc (D:4)
  A jackal (Sewer)
  A kobold (Sewer)
14 creatures vanquished.

Vanquished Creatures (others)
  A bush (D:8)
  A fungus (D:8)
  5 plants (D:8)
7 creatures vanquished.

Grand Total: 226 creatures vanquished

Notes
Turn   | Place    | Note
--------------------------------------------------------------
     0 | D:1      | Amnesiac the Demonspawn Fighter began the quest for the Orb.
     0 | D:1      | Reached XP level 1. HP: 18/18 MP: 1/1
    73 | D:1      | Gained mutation: You are partially covered in sharp spines. [demonic ancestry]
    73 | D:1      | Reached XP level 2. HP: 24/24 MP: 2/2
   458 | D:1      | Reached skill level 1 in Dodging
   644 | D:2      | Reached XP level 3. HP: 29/29 MP: 3/3
   733 | D:3      | Found a faded altar to an unknown god.
   939 | D:3      | Noticed a centaur
   950 | D:3      | Killed a centaur
   950 | D:3      | Gained mutation: A weak demonic guardian rushes to your aid. [demonic ancestry]
   950 | D:3      | Reached XP level 4. HP: 20/35 MP: 4/4
  1097 | D:3      | Found a bloodstained altar of Trog.
  1108 | D:3      | Gained mutation: You have a pair of small antennae on your head. [demonic ancestry]
  1108 | D:3      | Reached XP level 5. HP: 41/41 MP: 5/5
  1357 | D:4      | Found an ancient bone altar of Kikubaaqudgha.
  1537 | D:4      | Noticed Grinder
  1582 | D:4      | Killed Grinder
  1582 | D:4      | Reached XP level 6. HP: 34/48 MP: 6/6
  1673 | D:4      | Found a glowing drain.
  1677 | Sewer    | Entered a sewer
  1813 | Sewer    | Noticed Amnesiac's ghost (amateur SpFi)
  1819 | Sewer    | Gained mutation: You are mostly covered in sharp spines. [demonic ancestry]
  1819 | Sewer    | Reached XP level 7. HP: 50/54 MP: 7/7
  1822 | Sewer    | Killed Amnesiac's ghost
  1840 | Sewer    | Found a white marble altar of Elyvilon.
  2317 | D:5      | Entered Level 5 of the Dungeon
  2515 | D:5      | Reached skill level 5 in Fighting
  2515 | D:5      | Reached skill level 5 in Armour
  2515 | D:5      | Reached skill level 5 in Shields
  2518 | D:5      | Found a staircase to the Ecumenical Temple.
  2522 | Temple   | Entered the Ecumenical Temple
  2622 | D:4      | Reached XP level 8. HP: 41/62 MP: 8/8
  3828 | D:5      | Reached skill level 5 in Dodging
  3935 | D:5      | Identified a scroll of acquirement {!r}
  4293 | D:6      | Found a basalt altar of Yredelemnul.
  4335 | D:6      | Reached skill level 1 in Evocations
  4404 | D:6      | Reached skill level 2 in Evocations
  4462 | D:6      | Reached skill level 3 in Evocations
  4619 | D:6      | Reached skill level 4 in Evocations
  4754 | D:6      | Reached skill level 5 in Evocations
  5161 | D:7      | Reached XP level 9. HP: 68/68 MP: 13/13
  5492 | D:7      | Reached skill level 6 in Evocations
  5936 | D:7      | Found a glowing golden altar of the Shining One.
  6030 | D:8      | Found a staircase to the Lair.
  6033 | D:8      | Noticed Menkaure
  6040 | D:7      | Reached skill level 7 in Evocations
  6087 | D:8      | Found Fitzikhi's General Store.
  6135 | D:8      | Killed Menkaure
  6150 | D:8      | Reached skill level 8 in Evocations
  6171 | D:8      | Reached skill level 9 in Evocations
  6498 | D:8      | Reached skill level 10 in Evocations
  6519 | D:8      | Reached XP level 10. HP: 74/74 MP: 17/17
  6689 | D:8      | Found a shimmering altar of Xom.
  6941 | D:8      | Reached skill level 11 in Evocations
  7697 | D:8      | Cast into level 1 of the Abyss (wight)
  7697 | Abyss:1  | Found a corrupted altar of Lugonu.
  7709 | Abyss:1  | Killed from afar by a raiju

Skill      XL: |  1  2  3  4  5  6  7  8  9 10 |
---------------+-------------------------------+-----
Polearms       | 2 |  2.0
Shields        | 3 4 5 |  5.5
Armour         | 3 4 5 |  5.7
Dodging        | 1 3 4 5 |  5.6
Fighting       | 4 5 6 |  6.0
Evocations     | 5 10 11 | 11.3

Action                   |  1- 3 |  4- 6 |  7- 9 | 10-12 || total
-------------------------+-------+-------+-------+-------++-------
Melee: Trident           |    59 |   114 |   290 |   131 ||   594
Evoke: Wand              |       |       |     1 |       ||     1
  Use: Scroll            |     3 |     4 |    10 |       ||    17
       Potion            |       |       |     1 |     1 ||     2
 Stab: Distracted        |       |     1 |     1 |     1 ||     3
  Eat: Chunk             |       |     6 |    20 |    11 ||    37
Armor: Scale mail        |    12 |    27 |     7 |       ||    46
       Chain mail        |       |       |    19 |       ||    19
       Plate armour      |       |       |    44 |    36 ||    80
Dodge: Dodged            |     9 |    14 |    52 |    20 ||    95
Block: Shield            |    19 |    57 |   118 |    80 ||   274
